 Dungeon Crawl Stone Soup version 0.26-b1-25-gafae2e710b (webtiles) character file.

Game seed: 14919677559999273093

12329 Gadfly the Grappler (level 11, -2/108 HPs)
             Began as a Palentonga Delver on Jan 3, 2021.
             Was a Priest of the Shining One.
             Slain by a bunyip (24 damage)
             ... on level 3 of the Lair of Beasts on Jan 4, 2021.
             The game lasted 00:21:04 (12043 turns).

Gadfly the Grappler (Palentonga Delver)            Turns: 12043, Time: 00:21:04

Health: -2/108     AC: 21    Str: 20    XL:     11   Next: 61%
Magic:  11/11      EV: 15    Int: 10    God:    the Shining One [***...]
Gold:   624        SH:  0    Dex: 11    Spells: 10/10 levels left

rFire    x . .     SeeInvis +   b - +2 whip (elec)
rCold    + + .     Faith    .   (no shield)
rNeg     + . .     Spirit   .   i - +2 leather armour {Will+}
rPois    .         Reflect  .   m - +1 helmet (curse)
rElec    .         Harm     .   (no cloak)
rCorr    .         Rampage  .   (no gloves)
Will     +....                  D - +1 barding
Stlth    +.........             o - amulet of regeneration
HPRegen  0.68/turn              F - ring of ice
MPRegen  0.12/turn              v - +4 ring of evasion

@: glowing, curled up
A: large, rugged brown scales 3, see invisible, cold resistance 1, deformed
body, mutation resistance 1, robust 1, roll 1, armoured tail, reflexive curl
a: Rolling Charge, Renounce Religion, Divine Shield


You were on level 3 of the Lair of Beasts.
You worshipped the Shining One.
The Shining One was most pleased with you.
You visited 3 branches of the dungeon, and saw 13 of its levels.
You also visited: Sewer and Ice Cave.

You collected 624 gold pieces.

Inventory:

Hand Weapons
 b - a +2 whip of electrocution (weapon)
 w - a +2 whip of venom
Missiles
 x - 2 throwing nets
Armour
 i - a +2 leather armour of willpower (worn)
 m - a cursed +1 helmet (worn)
 D - a +1 barding (worn)
Jewellery
 e - an uncursed amulet of guardian spirit
 j - an uncursed ring of positive energy
 k - an uncursed ring of resist corrosion
 o - an amulet of regeneration (around neck)
 t - an uncursed ring of willpower
 v - a +4 ring of evasion (right hand)
 y - an uncursed ring of wizardry
 C - an uncursed ring of magical power
 F - a ring of ice (left hand)
Wands
 f - a wand of digging (3)
 A - a wand of flame (34)
 B - a wand of polymorph (12)
 E - a wand of iceblast (4)
 G - a wand of disintegration (13)
Scrolls
 c - 2 scrolls of magic mapping
 d - 4 scrolls of fear
 h - 6 scrolls of teleportation
 l - 3 scrolls of fog
 n - 4 scrolls of remove curse
 r - 3 scrolls of enchant armour
 s - 4 scrolls of identify
Potions
 a - 5 potions of attraction
 g - 3 potions of curing
 p - a potion of heal wounds
 q - a potion of flight
 z - 2 potions of mutation


   Skills:
 + Level 7.7 Fighting
 + Level 2.0 Armour
 * Level 8.5 Dodging
 - Level 3.3 Stealth
 * Level 10.1 Unarmed Combat
 * Level 9.1 Evocations


You had 10 spell levels left.
You didn't know any spells.
Your spell library was empty.

Dungeon Overview and Level Annotations

Branches:
Dungeon (9/15)             Temple (1/1) D:5            Lair (3/6) D:8
  Snake (0/4) Lair:3        Sewer (visited)           IceCv (visited)
  Swamp: Lair:2-4    Shoals: Lair:2-4       Orc: D:9-12

Altars:
Ashenzari
Cheibriados
Dithmenos
Elyvilon
Fedhas
Gozag
Hepliaklqana
Kikubaaqudgha
Makhleb
Nemelex Xobeh
Okawaru
Qazlal
Ru
Sif Muna
Trog
Uskayaw
Vehumet
Wu Jian
Xom
Yredelemnul
Zin
The Shining One

Shops:
D:8 *


Innate Abilities, Weirdness & Mutations

You are completely covered in rugged brown scales. (AC +3, +7% HP)
You have supernaturally acute eyesight. (SInv)
Armour fits poorly on your strangely shaped body.
You can roll at nearby foes to attack.
You have a long armoured tail.
You curl defensively after being hit.
Your flesh is cold resistant. (rC+)
You are somewhat resistant to further mutation.
You are robust. (+10% HP)


Message History

You hit the bunyip.
Your tail-slap misses the bunyip.
The bunyip is heavily wounded.
You barely miss the bunyip.
The bunyip is heavily wounded.
You hit the bunyip. Lightning courses through the bunyip!
The bunyip is severely wounded.
The bunyip barely misses you. The bunyip claws you! The bunyip claws you!!
* * * LOW HITPOINT WARNING * * *
You hit the bunyip. You tail-slap the bunyip.
The bunyip is almost dead.
You feel better.
You hit the bunyip. Your punch misses the bunyip.
The bunyip is almost dead.
The bunyip claws you but does no damage. x3
You hit the bunyip but do no damage.
Your tail-slap misses the bunyip.
The bunyip is almost dead.
You completely miss the bunyip.
The bunyip is almost dead.
The bunyip claws you!!
You die...

#+#'####.###.....#**#
#.........#.#....###.
##.........#.....##..
#.##...........'....
#.######.##.........
###.## **#####...#.#<.
#....###...###...#...#
##P...............#..#
#...@.............#.P
#...x................
##...................
#...............,...
#............$....#.
*#........#.,,,,,***,
*..##.P....#*,,,,,**,
##.,,.......,,,,,***,
**,,**,,,,,,,,,,,,,,*,


You could see a bunyip.

Vanquished Creatures
  A boulder beetle (Lair:2)
  A hydra (Lair:2)
  2 two-headed ogres (D:9)
  2 ugly things (IceCv)
  2 cane toads
  A rime drake (Lair:2)
  2 komodo dragons
  2 ice devils (Lair:3)
  2 trolls (D:9)
  3 blink frogs (Lair:2)
  Sigmund (D:5)
  8 yaks
  Duvessa (D:5)
  A water moccasin (Lair:1)
  8 ice beasts
  4 orc warriors
  3 phantoms
  2 black bears
  A sky beast (D:5)
  A necrophage (D:9)
  2 ogres
  6 centaurs
  A big kobold (Sewer)
  4 bullfrogs
  Dowan (D:5)
  3 scorpions
  4 howler monkeys (D:6)
  10 wights
  2 jellies
  A centaur zombie (D:6)
  5 hounds
  3 orc priests
  2 bullfrog skeletons
  A centaur skeleton (D:7)
  A gnoll shaman (D:7)
  2 iguanas
  Terence (D:2)
  6 orc wizards
  3 worker ants
  A hound zombie (D:9)
  A hound skeleton (D:8)
  A worker ant zombie (D:6)
  10 adders
  11 gnolls
  2 river rats (Sewer)
  3 shadow imps
  2 ufetubi
  2 oozes (D:3)
  An adder zombie (D:4)
  An adder skeleton (D:5)
  2 worms
  A dart slug (D:2)
  13 leopard geckos
  31 orcs
  3 ball pythons
  10 giant cockroaches
  3 goblins
  5 hobgoblins
  7 jackals
  8 quokkas
  2 bats
  4 frilled lizards
  11 kobolds
  A leopard gecko zombie (D:5)
  2 quokka skeletons
  9 rats
253 creatures vanquished.

Vanquished Creatures (others)
  11 fungi
  10 plants
21 creatures vanquished.

Grand Total: 274 creatures vanquished

Notes
Turn   | Place    | Note
-------+----------+-------------------------------------------
     0 | D:5      | Gadfly the Palentonga Delver began the quest for the Orb.
     0 | D:5      | Reached XP level 1. HP: 20/20 MP: 1/1
   127 | D:3      | Reached XP level 2. HP: 10/27 MP: 2/2
   644 | D:1      | Reached skill level 1 in Evocations
  1049 | D:1      | Reached XP level 3. HP: 25/33 MP: 3/3
  2301 | D:2      | Reached XP level 4. HP: 19/40 MP: 4/4
  2697 | D:2      | Noticed Terence
  2724 | D:2      | Killed Terence
  2725 | D:2      | Reached skill level 3 in Unarmed Combat
  2977 | D:2      | Found an ornate altar of the Wu Jian Council.
  3336 | D:2      | Gained mutation: You are frail. (-10% HP) [potion of
                  | mutation]
  3336 | D:2      | Gained mutation: You can roll at foes to attack. [potion of
                  | mutation]
  3337 | D:2      | Lost mutation: You can roll at foes to attack. [potion of
                  | mutation]
  3337 | D:2      | Lost mutation: You are frail. (-10% HP) [potion of
                  | mutation]
  3337 | D:2      | Gained mutation: You are weak. (Str -2) [potion of
                  | mutation]
  3337 | D:2      | Gained mutation: Your flesh is cold resistant. (rC+)
                  | [potion of mutation]
  3338 | D:2      | Lost mutation: You are weak. (Str -2) [potion of mutation]
  3338 | D:2      | Gained mutation: You are robust. (+10% HP) [potion of
                  | mutation]
  3338 | D:2      | Gained mutation: You are somewhat resistant to further
                  | mutation. [potion of mutation]
  3844 | D:3      | Found a white marble altar of Elyvilon.
  3857 | D:3      | Became a worshipper of Elyvilon the Healer
  3937 | D:3      | Reached XP level 5. HP: 52/52 MP: 5/5
  4050 | D:3      | Found a burning altar of Makhleb.
  4464 | D:4      | Found an iron altar of Okawaru.
  4466 | D:4      | Reached * piety under Elyvilon
  4989 | D:5      | Noticed an ogre
  4992 | D:5      | Reached XP level 6. HP: 60/60 MP: 6/6
  4998 | D:5      | Reached skill level 4 in Unarmed Combat
  5092 | D:5      | Noticed Dowan
  5092 | D:5      | Noticed Duvessa
  5095 | D:5      | Noticed Sigmund
  5102 | D:5      | Killed Duvessa
  5110 | D:6      | Noticed an ice beast
  5123 | D:6      | Killed an ice beast
  5124 | D:6      | Gained mutation: You curl defensively after being hit.
                  | [Palentonga growth]
  5124 | D:6      | Reached XP level 7. HP: 34/69 MP: 7/7
  5240 | D:6      | Found a glowing drain.
  5263 | Sewer    | Entered a sewer
  5314 | Sewer    | Reached ** piety under Elyvilon
  5397 | Sewer    | Found a white marble altar of Elyvilon.
  5498 | D:5      | Killed Sigmund
  5499 | D:5      | Reached skill level 5 in Unarmed Combat
  5529 | D:5      | Found a staircase to the Ecumenical Temple.
  5555 | Temple   | Entered the Ecumenical Temple
  5765 | Temple   | Fell from the grace of Elyvilon
  5765 | Temple   | Became a worshipper of the Shining One
  5790 | D:5      | Killed Dowan
  5995 | D:5      | Reached XP level 8. HP: 75/78 MP: 8/8
  6229 | D:6      | Reached * piety under the Shining One
  6520 | D:6      | Reached skill level 5 in Fighting
  6520 | D:6      | Reached skill level 5 in Evocations
  6526 | D:6      | Reached skill level 5 in Dodging
  6526 | D:6      | Reached skill level 6 in Unarmed Combat
  7540 | D:7      | Found a snail-covered altar of Cheibriados.
  7540 | D:7      | Found Cheibriados's Comfort Zone.
  7542 | D:7      | Reached XP level 9. HP: 81/86 MP: 9/9
  7623 | D:7      | Reached skill level 7 in Unarmed Combat
  7917 | D:7      | You fall into a shaft and drop 1 floor!
  7918 | D:8      | Found Zin's Purification Station.
  7922 | D:8      | Found a glowing silver altar of Zin.
  7956 | D:8      | Reached ** piety under the Shining One
  8887 | D:8      | Found a staircase to the Lair.
  9102 | D:9      | Noticed a two-headed ogre
  9110 | D:9      | Noticed a troll
  9114 | D:9      | Killed a two-headed ogre
  9115 | D:9      | Reached skill level 8 in Unarmed Combat
  9115 | D:9      | Reached XP level 10. HP: 54/97 MP: 10/10
  9390 | D:9      | Noticed a two-headed ogre
  9401 | D:9      | Killed a two-headed ogre
  9652 | D:9      | Found a basalt altar of Yredelemnul.
  9728 | D:9      | Reached *** piety under the Shining One
 10068 | D:9      | Found a white marble altar of Elyvilon.
 10125 | D:9      | Found a hazy altar of Hepliaklqana.
 10125 | D:9      | Found a broken altar of Ashenzari.
 10376 | Lair:1   | Entered Level 1 of the Lair of Beasts
 10412 | Lair:1   | Reached skill level 9 in Unarmed Combat
 10458 | Lair:1   | Noticed a cane toad
 10477 | Lair:1   | Killed a cane toad
 10760 | Lair:1   | Reached XP level 11. HP: 107/107 MP: 11/11
 11233 | Lair:2   | Noticed a boulder beetle
 11256 | Lair:2   | Killed a boulder beetle
 11257 | Lair:2   | Reached skill level 1 in Armour
 11409 | Lair:2   | Noticed a seven-headed hydra
 11419 | Lair:2   | Killed a seven-headed hydra
 11552 | Lair:3   | Found a frozen archway.
 11692 | IceCv    | Entered an ice cave
 11692 | IceCv    | Noticed a white ugly thing
 11705 | IceCv    | Killed a white ugly thing
 11706 | IceCv    | Reached skill level 10 in Unarmed Combat
 11828 | IceCv    | Found a transporter.
 11843 | IceCv    | Noticed a white ugly thing
 11855 | IceCv    | Killed a white ugly thing
 11860 | IceCv    | Found a transporter.
 12023 | Lair:3   | Noticed a four-headed hydra
 12026 | Lair:3   | Noticed a bunyip
 12026 | Lair:3   | a four-headed hydra changed into a bunyip
 12043 | Lair:3   | Slain by a bunyip

Illustrated notes

Levels and vault maps discovered:
D:1:      dpeg_arrival_tiny_c, layout_loops_cross
D:2:      layout_basic, lemuel_doored_altar, minmay_misc_feat_tower,
          uniq_terence
D:3:      layout_rooms, nicolae_overflow_crystal_walls, elyvilon_altar_5
D:4:      layout_basic, okawaru_ov_weapons_minmay
D:5:      layout_loops_cross, minmay_temple_entry_waves, uniq_duvessa,
          uniq_sigmund
D:6:      layout_layer_cave, gup_sewer_entry_pipe
D:7:      layout_loops_cross, minmay_shop_chei
D:8:      layout_rooms, zin_purify, lair_entry_dummy, serial_corexii_hall,
          corexii_hall_statues_s, corexii_hall_statues_s,
          chequers_hall_statues_corner_a, chequers_hall_statues_corner_a,
          corexii_hall_statues_deadend, corexii_hall_statues_t
D:9:      layout_irregular_city, kennysheep_ying_yang,
          amethyst_overflow_temple_binary
Temple:   eino_temple_water
Lair:1:   layout_regular_city, uniq_nergalle
Lair:2:   nzn_winding_woodlands_three_and_one
          [nzn_winding_woodlands_5x15_zeroes, nzn_winding_woodlands_5x15_cabin,
          nzn_winding_woodlands_5x15_default,
          nzn_winding_woodlands_center_garden], layout_loops_ring
Lair:3:   layout_regular_city, minmay_snake_entry_guardpost_medium,
          portal_ice_cave_demonic_guard, grunt_megastairs_4

Skill      XL: |  1  2  3  4  5  6  7  8  9 10 11 |
---------------+----------------------------------+-----
Dodging        | 2 3 4 5 6 7 8 |  8.5
Evocations     | 1 2 3 4 5 7 8 9 |  9.1
Unarmed Combat | 3 4 5 6 8 9 10 | 10.1
Fighting       | 4 5 6 7 |  7.7
Armour         | 2 |  2.0
Stealth        | |  3.3

Action                   |  1- 3 |  4- 6 |  7- 9 | 10-12 || total
-------------------------+-------+-------+-------+-------++-------
Melee: Unarmed           |   138 |    56 |       |    73 ||   267
       Tailslap          |    14 |    19 |    48 |    41 ||   122
       Whip              |       |   108 |   376 |   246 ||   730
       Punch             |       |     1 |     9 |    18 ||    28
 Abil: Rolling Charge    |       |     1 |     3 |     3 ||     7
Evoke: Wand              |       |       |     1 |     6 ||     7
  Use: Scroll            |     4 |     5 |     1 |     3 ||    13
       Potion            |     5 |     4 |     6 |     9 ||    24
 Stab: Sleeping          |     3 |     8 |       |       ||    11
Armor: Leather armour    |    18 |    44 |   124 |   124 ||   310
       Robe              |     4 |     8 |       |       ||    12
       Skin              |       |       |       |   113 ||   113
Dodge: Dodged            |    72 |    95 |   285 |   246 ||   698
